 Dungeon Crawl Stone Soup version 0.20.1-1-g8b1a95d (webtiles) character file.

85 OneorTwo the Digger (level 4, -1/24 HPs)
             Began as a Gargoyle Earth Elementalist on July 29, 2017.
             Slain by Sigmund
             ... wielding a +0 scythe
              (5 damage)
             ... on level 2 of the Dungeon.
             The game lasted 00:10:30 (1532 turns).

OneorTwo the Digger (Gargoyle Earth Elementalist)   Turns: 1532, Time: 00:10:30

Health: -1/24      AC:  5    Str: 12    XL:     4   Next: 48%
Magic:  4/8        EV: 12    Int: 16    God:
Gold:   55         SH:  0    Dex: 10    Spells: 5/9 levels left

rFire    . . .     SeeInvis .   (no weapon)
rCold    . . .     Gourm    .   (no shield)
rNeg     + . .     Faith    .   c - +0 robe
rPois    ∞         Spirit   .   (no helmet)
rElec    +         Reflect  .   (no cloak)
rCorr    .         Harm     .   (no gloves)
MR       .....                  (no boots)
Stlth    ++........             (no amulet)
Regen    0.1/turn               (no ring)
MPRegen  0.2/turn               (no ring)

@: no status effects
A: negative energy resistance 1, electricity resistance, unbreathing,
petrification resistance, rot immunity, AC +3
a: no special abilities


You were on level 2 of the Dungeon.
You were not hungry.

You visited 1 branch of the dungeon, and saw 2 of its levels.

You collected 55 gold pieces.

Inventory:

Missiles
 b - 2 stones
 j - 3 javelins (quivered)
Armour
 c - a +0 robe (worn)
Scrolls
 h - a scroll of teleportation {unknown}
 i - a scroll of remove curse {unknown}
 k - a scroll of identify {unknown}
 n - a scroll of immolation {unknown}
Potions
 a - a potion of brilliance {unknown}
 f - a potion of lignification {unknown}
 g - a potion of resistance {unknown}
 l - a potion of flight {unknown}
Books
 e - a book of Geomancy

   Spells                             Type                      Level
   a - Sandblast                      Earth                        1
   b - Passwall                       Transmutation/Earth          2
   c - Stone Arrow                    Conjuration/Earth            3
   d - Petrify                        Transmutation/Earth          4
   e - Lee's Rapid Deconstruction     Earth                        5
Comestibles
 d - 3 bread rations
 m - a meat ration
 o - 2 chunks of flesh


   Skills:
 - Level 1.5 Dodging
 - Level 2.1 Stealth
 + Level 3.3 Spellcasting
 + Level 1.0 Conjurations
   Level 0.7 Transmutations
 + Level 4.7 Earth Magic


You had 5 spell levels left.
You knew the following spells:

 Your Spells              Type           Power        Failure   Level  Hunger
a - Sandblast             Erth           ###...       2%          1    None
b - Stone Arrow           Conj/Erth      ##....       16%         3    ###....


Dungeon Overview and Level Annotations

Branches:
Dungeon (2/15)

Altars:
The Shining One

Annotations:
D:2 Sigmund


Innate Abilities, Weirdness & Mutations

You are resistant to torment.
Your stone body is resilient. (AC +3)
You are immune to poison.
You resist negative energy. (rN+)
You are resistant to electric shocks. (rElec)
You can survive without breathing.
You are immune to petrification.
You are immune to rotting.


Message History

Confirm with . or Enter, or press ? or * to list all spells.
Aiming: Sandblast
Press: ? - help, Shift-Dir - straight line, f/p - Sigmund
Aim: Sigmund, wielding a scythe and wearing a robe (lightly wounded)
The blast of sand hits Sigmund.
Sigmund is moderately wounded.
b - 3 stones Sigmund hits you from afar with a scythe!
Ouch! That really hurt!
* * * LOW HITPOINT WARNING * * *
Casting: Sandblast
Confirm with . or Enter, or press ? or * to list all spells.
Aiming: Sandblast
Press: ? - help, Shift-Dir - straight line, f/p - Sigmund
Aim: Sigmund, wielding a scythe and wearing a robe (moderately wounded)
The blast of sand hits Sigmund.
Sigmund is severely wounded.
b - 2 stones Sigmund hits you from afar with a scythe.
You die...

#.##..##.# #..#.##.
#.##..##.####..# ##
#.##...........#.###
###
#.###.##............
###_### #.#
#.#######.##.###
#.....# #.###.# #.#
.# #♣...♣####.#...#
#.##.###
#.....##...#.#######
#.##....
#♣...♣######@..)...#
#.######
#####'######
#.#####.# #.......
#..........###@#
#######
#...........)..# ..
#........%.###.# ###
####...##.## #.#
#......# #.#
#...#..# #.#
#####.## #.#


You could see Sigmund.

Vanquished Creatures
  3 adders (D:2)
  2 oozes (D:1)
  A worm (D:2)
  3 dart slugs (D:1)
  2 leopard geckos
  6 hobgoblins
  5 kobolds
  A quokka (D:2)
  6 bats
  A frilled lizard (D:1)
  5 goblins
  6 rats
41 creatures vanquished.

Notes
Turn   | Place    | Note
-------+----------+-------------------------------------------
     0 | D:1      | OneorTwo the Gargoyle Earth Elementalist began the quest for the Orb.
     0 | D:1      | Reached XP level 1. HP: 10/10 MP: 3/3
    97 | D:1      | Reached XP level 2. HP: 15/15 MP: 1/5
   127 | D:1      | Reached skill level 4 in Earth Magic
   552 | D:1      | Reached XP level 3. HP: 16/19 MP: 2/7
   813 | D:1      | Learned a level 3 spell: Stone Arrow
  1225 | D:2      | Reached XP level 4. HP: 24/24 MP: 5/8
  1413 | D:2      | Reached skill level 1 in Conjurations
  1434 | D:2      | Found a glowing golden altar of the Shining One.
  1480 | D:2      | Noticed Sigmund
  1532 | D:2      | Slain by Sigmund

Skill      XL: |  1  2  3  4 |
---------------+-------------+-----
Earth Magic    | 4 |  4.7
Spellcasting   | 3 |  3.3
Conjurations   | 1 |  1.0
Dodging        | |  1.5
Stealth        | |  2.1
Transmutations | |  0.7

Action                   |  1- 3 |  4- 6 || total
-------------------------+-------+-------++-------
Melee: Unarmed           |     1 |       ||     1
Throw: Stone             |     1 |       ||     1
 Cast: Sandblast         |    43 |    19 ||    62
       Stone Arrow       |       |     1 ||     1
  Eat: Chunk             |     1 |     1 ||     2
Armor: Robe              |     2 |     1 ||     3
Dodge: Dodged            |    14 |     4 ||    18
